 Dungeon Crawl Stone Soup version 0.17.0-26-gececa24 (webtiles) character file.

130 Ace the Sneak (level 5, -3/36 HPs)
             Began as an Octopode Assassin on Nov 21, 2015.
             Slain by a sky beast (6 damage)
             ... on level 3 of the Dungeon.
             The game lasted 00:06:01 (3072 turns).

Ace the Sneak (Octopode Assassin)                   Turns: 3072, Time: 00:06:01

Health: -3/36      AC:  1    Str: 10    XL:     5   Next: 13%
Magic:  5/5        EV: 12    Int: 14    God:
Gold:   179        SH:  0    Dex: 14    Spells: 0 memorised, 4 levels left

rFire  . . .     SeeInvis .     a - +2 dagger
rCold  . . .     Clarity  .     (no shield)
rNeg   . . .     SustAt   .     g - +0 hat
rPois  .         Gourm    .     (no amulet)
rElec  .         Spirit   .     (no ring)
rCorr  .         Warding  .     (no ring)
rMut   .         Stasis   .     (no ring)
MR     .....                    (no ring)
Stlth  +++++.....               (no ring)
                                (no ring)
                                (no ring)
                                (no ring)

@: not resistant to hostile enchantments, quite stealthy
A: almost no armour, amphibious, 8 rings, constrict 8, camouflage 1, gelatinous
body 1
a: no special abilities


You were on level 3 of the Dungeon.
You were not hungry.

You visited 1 branch of the dungeon, and saw 3 of its levels.

You collected 179 gold pieces.

Inventory:

Hand Weapons
 a - a +2 dagger (weapon)
 b - a +0 blowgun
Missiles
 c - 27 poisoned needles
 d - 2 curare-tipped needles
Armour
 g - a +0 hat (worn)
Scrolls
 i - a scroll of remove curse {unknown}
 j - 5 scrolls of identify {unknown}
 k - a scroll of magic mapping {unknown}
 m - a scroll of random uselessness {unknown}
 n - a scroll of enchant armour {unknown}
 o - a scroll of enchant weapon {unknown}
 r - 2 scrolls of fear {unknown}
 s - a scroll of fog {unknown}
Potions
 f - 2 potions of haste {unknown}
 p - a potion of flight {unknown}
 q - 2 potions of curing {unknown}
 t - a potion of resistance {unknown}
 u - 2 potions of poison {unknown}
Comestibles
 e - 3 bread rations
 h - 2 meat rations


   Skills:
 + Level 3.0 Fighting
 + Level 3.2 Short Blades
 - Level 2.0 Throwing
 + Level 2.0 Dodging
 + Level 6.6 Stealth


You had 4 spell levels left.
You didn't know any spells.

Dungeon Overview and Level Annotations

Branches:
Dungeon (3/15)

Altars:
Elyvilon


Innate Abilities, Weirdness & Mutations

You cannot wear most types of armour.
You are amphibious.
You can wear up to eight rings at the same time.
You can use your tentacles to constrict eight enemies at once.
Your skin changes colour to match your surroundings (Stealth).
Your rubbery body absorbs attacks (AC +1).


Message History

No target in view!
You see here a club.
You see here a club.
The sky beast flickers out of sight!
Deactivating autopickup; reactivate with Ctrl-A.
Something hits you. Something shocks you.
No target in view!
No target in view!
No target in view!
No target in view!
You barely miss something. Something hits you. Something shocks you.
You closely miss something. Your squeeze misses something. You hit something.
Something hits you. Something shocks you.
You hit something. Your squeeze misses something. Something hits you.
Something shocks you.
* * * LOW HITPOINT WARNING * * *
You closely miss something. You squeeze something. Something hits you.
* * * LOW HITPOINT WARNING * * *
Something shocks you.
You die...

# #....# #..........# # #....#
#.####.....# ####....# #.# #.....#
........####### #.# ###.####
#########.....# #.# #.....#
#.......#.###.# #.# #.....#
..........# #.# #.# #.....#
..#####...###.#######.###.....###
............)...@{....(..>.......
#######..รท####...########.###.##.
#......##.....# #.# #..#.
#...........#[# #.# ##.#.
######......##...#.# #.# #...
...................# ##.#####..
#...#.......##...### #.........
#...#.......###### #.........
#...#.......# #.........


There were no monsters in sight!

Vanquished Creatures
  6 adders
  An ooze (D:1)
  A worm (D:3)
  2 giant geckos
  3 giant cockroaches
  12 hobgoblins
  6 jackals
  A quokka (D:3)
  A ball python (D:3)
  9 bats
  16 giant newts
  4 goblins
  3 kobolds
  9 rats
74 creatures vanquished.

Vanquished Creatures (others)
  An adder (D:2)
  2 kobolds (D:2)
3 creatures vanquished.

Grand Total: 77 creatures vanquished

Notes
Turn   | Place    | Note
--------------------------------------------------------------
     0 | D:1      | Ace the Octopode Assassin began the quest for the Orb.
     0 | D:1      | Reached XP level 1. HP: 14/14 MP: 1/1
   280 | D:1      | Reached XP level 2. HP: 19/19 MP: 2/2
   558 | D:1      | Reached XP level 3. HP: 22/24 MP: 3/3
  1174 | D:2      | Reached skill level 6 in Stealth
  1559 | D:2      | Found a white marble altar of Elyvilon.
  1687 | D:2      | Reached XP level 4. HP: 30/30 MP: 4/4
  2577 | D:3      | Reached XP level 5. HP: 30/36 MP: 5/5
  3036 | D:3      | Noticed a sky beast
  3072 | D:3      | Slain by a sky beast

Action                   |  1- 3 |  4- 6 || total
-------------------------+-------+-------++-------
Melee: Dagger            |    69 |    68 ||   137
 Stab: Sleeping          |    15 |    10 ||    25
       Distracted        |     1 |       ||     1
  Eat: Chunk             |     2 |     2 ||     4
       Fruit             |       |     3 ||     3
